 Dungeon Crawl Stone Soup version 0.29-a0-541-gaf1fc19f1b (webtiles) character file.

Game seed: 7195002155836040469

184 Anon1729 the Chopper (level 6, -7/46 HPs)
             Began as a Meteoran Monk on June 2, 2022.
             Was a Priest of Hepliaklqana.
             Killed from afar by an electric eel (16 damage)
             ... with a bolt of electricity
             ... on level 3 of the Dungeon.
             The game lasted 00:05:34 (968 turns).

Anon1729 the Chopper (Meteoran Monk)                 Turns: 968, Time: 00:05:35

Health: -7/46      AC:  6    Str: 15    XL:     6   Next: 18%
Magic:  8/8        EV: 11    Int: 11    God:    Hepliaklqana [***...]
Gold:   149        SH:  0    Dex: 17    Spells: 5/5 levels left

rFire   . . .      SeeInvis .   a - +0 hand axe
rCold   . . .      Faith    .   (no shield)
rNeg    . . .      Spirit   .   l - +0 scale mail
rPois   .          Reflect  .   (no helmet)
rElec   .          Harm     .   (no cloak)
rCorr   .          Rampage  .   (no gloves)
Will    .....                   (no boots)
Stlth   +.........              (no amulet)
HPRegen 0.15/turn               (no ring)
MPRegen 0.11/turn               (no ring)

@: glowing
A: reduced essence, sense surroundings 1, otherworldly, glowing, explore regen
a: Renounce Religion, Recall Ancestor, Ancestor Identity, Transference


You were on level 3 of the Dungeon.
You worshipped Hepliaklqana.
Hepliaklqana was most pleased with you.
You visited 1 branch of the dungeon, and saw 3 of its levels.

You collected 149 gold pieces.

Inventory:

Hand Weapons
 a - a +0 hand axe (weapon)
Missiles
 d - 8 atropa-tipped darts (quivered)
 p - a throwing net
Armour
 b - a +0 robe
 l - a +0 scale mail (worn)
Wands
 q - a wand of flame (18)
Scrolls
 e - a scroll of magic mapping {unknown}
 g - a scroll of poison {unknown}
 j - a scroll of enchant weapon {unknown}
 k - a scroll of fog {unknown}
Potions
 c - a potion of ambrosia
 f - a potion of flight {unknown}
 h - 2 potions of curing {unknown}
 i - a potion of haste {unknown}
 m - 3 potions of lignification {unknown}
 n - a potion of attraction {unknown}
 o - a potion of invisibility {unknown}


   Skills:
 + Level 4.0 Fighting
 * Level 5.2 Axes
 + Level 2.0 Armour
 - Level 3.7 Dodging
 + Level 2.2 Stealth
 + Level 2.4 Invocations


You had 5 spell levels left.
You didn't know any spells.
Your spell library contained the following spells:

 Spells                   Type           Power      Damage    Failure   Level
 Fireball                 Conj/Fire      0%         3d3       100%        5
 Starburst                Conj/Fire      0%         6d3       100%        6
 Ignition                 Fire           0%         3d3       100%        8


Dungeon Overview and Level Annotations

Branches:
Dungeon (3/15)

Altars:
Hepliaklqana
Makhleb

Annotations:
D:3 1 transporter


Innate Abilities, Weirdness & Mutations

Your life essence is reduced to manifest your ancestor. (-10% HP)
You passively map a small area around you.
You are easily found by Zot.
You glow in the dark.
You regain HP and MP as you explore.


Message History

Orders for allies: a - Attack new target. r - Retreat! s - Stop attacking. g - Guard the area. f - Follow me.
Anything else - Cancel.
Gang up on whom?
Press: ? - help, Dir - move target, f - electric eel
Aim: an electric eel (fire blocked by a translucent stone wall) There's something in the way.
Okay, then.
There is a transporter landing site here.
Aiming: Throw Flame
Press: ? - help, Shift-Dir - straight line, f/p - electric eel
Aim: an electric eel (ally target, 48% to hit)
Keminub avoids your attack.
The puff of flame hits the electric eel.
The electric eel is moderately wounded.
The gnoll shouts!
The electric eel is engulfed in a cloud of scalding steam.
The electric eel shoots out a bolt of lightning at you!
The bolt of electricity hits Keminub!
The bolt of electricity hits you! The bolt of electricity hits you.
The electric eel is engulfed in a cloud of scalding steam.
You kill the electric eel!
Your Armour skill increases to level 2!
You have reached level 6!
You feel stronger.
Keminub remembers more of her old skill.
Unknown command.
You swap places.
You swap places.
There is a transporter landing site here.
Aiming: Throw Flame
Press: ? - help, Shift-Dir - straight line
Okay, then.
Okay, then.
The electric eel shoots out a bolt of lightning at you!
The bolt of electricity hits you!
* * * LOW HITPOINT WARNING * * *
The bolt of electricity hits you!
You die...

..##.# #.##...# * ..##.#
#.##....., , * ..##.# #.########
#.##.# #.# #.##.#########.##### *
#..................# #
...###############.# *.
...#8P#≈≈≈≈≈≈≈#P8#.## #
...#..#P≈≈≈≈..#.@#..## #
..©#©/+≈≈≈⌠≈..'.R#©..# #####
...#..#P≈≈§≈..#..#...########....
.#.#8P#≈≈§§§SS#P8#.#.............
...###############.######.###.###
......)........gg).# #.# #.# #
..###.####.###..).## #.# #.### .#
#.# #.##...### #.# #.##⌠ . #..
#(#.....# #.# #.###


You could see the friendly Keminub the battlemage, 2 electric eels and 2 gnolls.

Vanquished Creatures
  An electric eel (D:3)
  Natasha (D:2)
  An adder (D:2)
  2 bats
  2 endoplasms (D:1)
  2 goblins
  2 hobgoblins
  2 jackals (D:2)
  A ball python (D:2)
  4 frilled lizards
  2 rats
20 creatures vanquished.

Vanquished Creatures (collateral kills)
  Natasha (D:2)
  2 gnolls (D:3)
  2 adders (D:2)
  A worm (D:2)
  A dart slug (D:2)
  5 ball pythons
  3 endoplasms (D:2)
  2 goblins (D:2)
  2 hobgoblins
  2 jackals (D:2)
  A quokka (D:1)
  3 bats
  4 kobolds
29 creatures vanquished.

Grand Total: 49 creatures vanquished

Notes
Turn   | Place    | Note
-------+----------+-------------------------------------------
     0 | D:1      | Anon1729 the Meteoran Monk began the quest for the Orb.
     0 | D:1      | Reached XP level 1. HP: 19/19 MP: 2/2
    78 | D:1      | Reached XP level 2. HP: 20/26 MP: 3/3
    85 | D:1      | Found a faded altar of an unknown god.
    88 | D:1      | Prayed at the altar of an unknown god.
    88 | D:1      | Became a worshipper of Hepliaklqana the Forgotten
    88 | D:1      | Reached * piety under Hepliaklqana
    88 | D:1      | Reached ** piety under Hepliaklqana
    89 | D:1      | Remembered your ancestor Keminub as a battlemage
   252 | D:2      | Reached *** piety under Hepliaklqana
   254 | D:2      | Reached skill level 4 in Axes
   254 | D:2      | Reached XP level 3. HP: 27/27 MP: 4/4
   293 | D:2      | Reached skill level 1 in Armour
   293 | D:2      | Reached skill level 1 in Invocations
   369 | D:2      | Noticed Natasha
   375 | D:2      | Killed Natasha
   376 | D:2      | Reached XP level 4. HP: 17/36 MP: 4/6
   595 | D:2      | Reached XP level 5. HP: 41/41 MP: 7/7
   651 | D:2      | Noticed Natasha
   655 | D:2      | Killed Natasha
   738 | D:3      | Found a burning altar of Makhleb.
   903 | D:3      | Found a transporter.
   921 | D:3      | Found a transporter.
   936 | D:3      | Reached skill level 5 in Axes
   960 | D:3      | Reached XP level 6. HP: 15/46 MP: 8/8
   968 | D:3      | Killed from afar by an electric eel

Illustrated notes

Levels and vault maps discovered:
D:1:      dpeg_arrival_boxorama, layout_basic, chequers_ecumenical_altar_grove,
          minmay_tetromino_i2
D:2:      layout_basic, uniq_natasha
D:3:      gammafunk_steamed_eel, layout_loops_ring, lightli_temple_of_fire,
          gup_sewer_entry_spiral

Skill      XL: |  1  2  3  4  5 |
---------------+----------------+-----
Axes           | 4 5 |  5.2
Armour         | 1 2 |  2.0
Invocations    | 1 2 |  2.4
Stealth        | 2 |  2.2
Fighting       | 4 |  4.0
Dodging        | |  3.7

Action                   |  1- 3 |  4- 6 || total
-------------------------+-------+-------++-------
Melee: Hand axe          |    33 |    39 ||    72
       Punch             |     1 |     1 ||     2
Invok: Ancestor Life: Ba |     1 |       ||     1
Evoke: Wand              |       |     2 ||     2
Armor: Robe              |     2 |       ||     2
       Scale mail        |       |    31 ||    31
Dodge: Dodged            |    18 |    16 ||    34

Table legend: (Time is in decaauts)
 A = Elapsed time spent in this place.
 B = Non-inter-level travel time spent in this place.
 C = Inter-level travel time spent in this place.
 D = Time resting spent in this place.
 E = Time spent auto-exploring this place.
 F = Levels seen in this place.
 G = Mean time per level.
                   A        B        C        D        E       F      G
               +--------+--------+--------+--------+--------+-----+--------+
         Total |    973 |    910 |     63 |      0 |    176 |   3 |  324.3 |
       Dungeon |    973 |    910 |     63 |      0 |    176 |   3 |  324.3 |
               +--------+--------+--------+--------+--------+-----+--------+

Top non-repeatable levels by time:
     D:2: 455 daAuts
     D:1: 272 daAuts
     D:3: 246 daAuts
